Cogmind - Beta 9.1 @@@ ROGUE MODE // 2019.11.03 @ 19:33:53 Player: Ldd Styx Result: Destroyed by G-34 Mercenary with Small Laser Performance ------------- Evolutions (0) 0 Regions Visited (1) 200 Robots Destroyed (9) 45 Value Destroyed (183) 183 Prototype IDs (2) 40 Alien Tech Used (0) 0 Bonus (0) 0 TOTAL SCORE: 468 Bonus ------- None Cogmind --------- Core Integrity 0/250 Matter 271/300 Energy 250/250 System Corruption 5% Temperature Cool (6) Location -10/Materials Parts ------- Power (1) Ion Engine Propulsion (2) Aluminum Leg Aluminum Leg Utility (2) Large Storage Unit Large Storage Unit Weapon (2) Light Assault Rifle Light Assault Rifle Inventory (16) Ion Engine Aluminum Leg Large Storage Unit Large Battery (300) Core Shielding Light Armor Plating Shock Absorption System Tractor Beam Field Recycling Unit (0) Maul Peak State ------------ Power Light Deuterium Engine Propulsion Combat Airjet Combat Airjet Utility Small Storage Unit Improved Light Armor Plating Weapon Assault Rifle Assault Rifle Inventory Ion Engine Light Ion Engine Shock Absorption System Small Laser Mining Laser [Rating: 19] Favorites ----------- Power Light Ion Engine Engine Light Ion Engine Propulsion Light Treads Treads Light Treads Leg Aluminum Leg Hover Unit Combat Airjet Utility Small Storage Unit Storage Small Storage Unit Protection Improved Light Armor Plating Weapon Assault Rifle Energy Gun Small Laser Ballistic Gun Assault Rifle Special Weapon Mining Laser Impact Weapon Maul Build | -11 -10 ------- Run | Scr Mat Slots Evolved . | . . Power . | . . Propulsion . | . . Utility . | . . Weapon . | . . Parts Attached 24 | 13 11 Power 5 | 3 2 Engine 5 | 3 2 Core . | . . Reactor . | . . Propulsion 6 | 4 2 Treads 2 | 2 . Leg 2 | . 2 Wheel . | . . Hover 2 | 2 . Flight . | . . Utility 5 | 2 3 Device . | . . Storage 3 | 1 2 Processor . | . . Hackware . | . . Protection 2 | 1 1 Artifact . | . . Weapon 8 | 4 4 Energy Gun 1 | 1 . Energy Cannon . | . . Ballistic Gun 4 | 2 2 Ballistic Cannon . | . . Launcher . | . . Special Weapon 2 | 1 1 Impact Weapon 1 | . 1 Slashing Weapon . | . . Piercing Weapon . | . . Special Melee Weapon . | . . Unidentified Prototypes . | . . Parts Lost 9 | 3 6 Power 2 | 1 1 Propulsion 2 | . 2 Utility 1 | . 1 Weapon 4 | 2 2 Highest Loss Streak 6 | 3 6 Average Slot Usage (%) 85 | . 85 Engine 13 | . 13 Leg 11 | . 11 Hover 6 | . 6 Storage 19 | . 19 Protection 7 | . 7 Energy Gun 2 | . 2 Ballistic Gun 11 | . 11 Impact Weapon 10 | . 10 Naked Turns . | . . Heaviest Build 41 | 16 41 Greatest Support 44 | 44 44 Greatest Overweight (x) 4 | . 4 Average Overweight (x) . | . 1 Largest Inventory Capacity 16 | 6 16 Average Capacity 6 | 5 10 Most Carried 12 | 6 12 Average Carried 5 | 5 6 Final Capacity 16 | 6 16 Final Carried 10 | 4 10 Class Distribution -------------------- 83% | Scavenger-Mutant 16% | Mutant Dominant Class ---------------- Mutant | -10/Materials Resources | -11 -10 ----------- Run | Scr Mat Matter Collected 488 | 378 110 Remotely . | . . Salvage Created 222 | 33 189 Parts 5 | . 5 Haulers Intercepted . | . . Recyclers Shooed 1 | 1 . Parts Field Recycled . | . . Retrieved Matter . | . . Parts Self-Destructed . | . . Prevented . | . . Kills | -11 -10 ------- Run | Scr Mat Combat Hostiles Destroyed 9 | 4 5 Melee 2 | . 2 Guns 5 | 4 1 Classes Destroyed 2 | 1 1 Grunt 5 | . 5 Assembled 4 | 4 . Best Kill Streak 2 | 2 1 Combat Bots Only 2 | 2 1 Max Kills in Single Turn 1 | 1 1 Gunslinging . | . . Exploded . | . . Melee 1 | . 1 Uniques/NPCs Destroyed . | . . Combat | -11 -10 -------- Run | Scr Mat Damage Taken 1312 | 586 726 Core 257 | 17 240 Absorbed by Shields . | . . Core Remaining (%) 93 | 93 . Volleys Fired 26 | 14 12 Largest 2 | 2 2 Hottest 140 | 140 100 Shots Fired 45 | 26 19 Gun 42 | 24 18 Cannon . | . . Launcher . | . . Special 3 | 2 1 Kinetic 38 | 21 17 Thermal 7 | 5 2 Explosive . | . . Electromagnetic . | . . Robot Hit Streak 5 | 2 5 Robot Miss Streak 3 | 2 3 Penetration Max . | . . Secondary Targets 1 | 1 . Max Gunslinging Chain 1 | 1 . Shots Hit Robots 43 | 12 31 Core Hits 14 | 8 6 Critical Hits . | . . Critical Kills . | . . Critical Parts Destroyed . | . . Melee Attacks 24 | . 24 Impact 24 | . 24 Slashing . | . . Piercing . | . . Sneak Attacks . | . . Combat Hostiles . | . . Follow-up Attacks . | . . Damage Inflicted 688 | 118 570 Guns 184 | 118 66 Cannons . | . . Explosions . | . . Melee 480 | . 480 Ramming . | . . Kinetic 160 | 94 66 Thermal 48 | 24 24 Explosive . | . . Electromagnetic . | . . Impact 480 | . 480 Slashing . | . . Piercing . | . . Highest Corruption 5 | 5 5 Average Corruption 5 | 5 5 Corruption Purged . | . . Effects 25 | 4 21 Message Errors 7 | 1 6 Matter Fused 4 | . 4 Heat Flow Errors 2 | . 2 Energy Discharges 3 | . 3 Data Loss (minor) 4 | 1 3 Data Loss (major) 3 | 1 2 Misfires 1 | 1 . Targeting Errors 1 | . 1 Overload Shots . | . . Overflow Damage 18 | . 18 Projectiles . | . . Explosions . | . . Melee 18 | . 18 Knockbacks 3 | . 3 Impact 3 | . 3 Kinetic . | . . Secondary . | . . Self-Inflicted Damage . | . . Shots . | . . Rammed . | . . Targets Rammed . | . . Kicked . | . . Crushed . | . . Highest Temperature 265 | 62 265 Average Temperature 78 | 30 95 Received Heat Transfer 411 | . 411 Siege Activations . | . . Robots Corrupted . | . . Combat Hostiles . | . . Parts Fried 1 | . 1 Impact Corruptions 5 | . 5 Robots Melted . | . . Combat Hostiles . | . . Parts Melted . | . . Heat Transferred 100 | 50 50 Parts Sabotaged . | . . Parts Stolen . | . . Parts Stripped . | . . Power Chain Reactions . | . . Missiles Intercepted . | . . Alert | -11 -10 ------- Run | Scr Mat Peak Influence 60 | 15 60 Average Influence 5 | . 31 Maximum Alert Level . | . . Low Security (%) 100 | . . Level 1 . | . . Level 2 . | . . Level 3 . | . . Level 4 . | . . Level 5 . | . . High Security . | . . Max Security . | . . Squads Dispatched 3 | . 3 Investigation 1 | . 1 Extermination . | . . Reinforcement 2 | . 2 Assault . | . . Garrison . | . . Intercept . | . . Construction Impeded . | . . Haulers Reinforced . | . . Stealth | -11 -10 --------- Run | Scr Mat Distress Signals . | . . Communications Jammed . | . . Distress Signals . | . . Times Spotted 14 | 4 10 Peak Tracking Total 3 | 2 3 Tactical Retreats 1 | . 1 Traps | -11 -10 ------- Run | Scr Mat Traps Triggered . | . . Indirectly . | . . Trap Hack Attempts . | . . Triggered . | . . Disarmed . | . . Reprogrammed . | . . Reused . | . . Traps Extracted . | . . Installed . | . . Triggered . | . . Machines | -11 -10 ---------- Run | Scr Mat Machines Disabled . | . . Max in Single Turn . | . . Machines Sabotaged . | . . Garrisons Compromised . | . . Overloaded Fab Kills . | . . Fab Network Shutdowns . | . . Hacking | -11 -10 --------- Run | Scr Mat Machines Accessed 5 | . 5 Terminals 3 | . 3 Fabricators . | . . Repair Stations . | . . Recycling Units 2 | . 2 Scanalyzers . | . . Garrison Access . | . . Total Hacks 9 | . 9 Successful 6 | . 6 Failed 3 | . 3 Catastrophic 1 | . 1 Database Lockouts . | . . Manual . | . . Terminals 5 | . 5 Fabricators . | . . Repair Stations . | . . Recycling Units 4 | . 4 Scanalyzers . | . . Garrison Access . | . . Terminal Hacks 3 | . 3 Record 2 | . 2 Prototype ID Bank 1 | . 1 Fabricator Hacks . | . . Repair Station Hacks . | . . Recycling Unit Hacks 3 | . 3 Report Inventory 2 | . 2 Retrieve Components 1 | . 1 Scanalyzer . | . . Garrison Access Hacks . | . . Unauthorized Hacks . | . . Terminals . | . . Fabricators . | . . Repair Stations . | . . Recycling Units . | . . Scanalyzers . | . . Garrison Access . | . . Data Cores Recovered . | . . Used . | . . Hacking Detections 2 | . 2 Full Trace Events 1 | . 1 Feedback Events . | . . Feedback Blocked . | . . Robot Schematics Acquired . | . . Robots Built . | . . Matter . | . . Time . | . . Total Robot Build Rating . | . . Part Schematics Acquired . | . . Parts Built . | . . Matter . | . . Time . | . . Total Part Build Rating . | . . Parts Repaired . | . . Time . | . . Parts Recycled . | . . Recycled Matter . | . . Retrieved Matter . | . . Retrieved Components 2 | . 2 Parts Scanalyzed . | . . Part Schematics Acquired . | . . Parts Damaged . | . . Bothacking | -11 -10 ------------ Run | Scr Mat Used RIF Installer . | . . Robots Hacked . | . . Non-combat . | . . Combat . | . . Robot Hacks Applied . | . . Relay Couplers Released . | . . Robots Rewired . | . . Allies Hacked . | . . Hacks Repelled . | . . Allies | -11 -10 -------- Run | Scr Mat Total Allies . | . . Largest Group . | . . Highest-Rated Group . | . . Highest-Rated Ally . | . . Total Orders . | . . Ally Attacks . | . . Total Damage . | . . Kills . | . . Allies Corrupted . | . . Allies Melted . | . . Intel | -11 -10 ------- Run | Scr Mat Robot Analysis Total . | . . Derelict Logs Recovered . | . . Drone Launches . | . . Drone Recoveries . | . . Exploration | -11 -10 ------------- Run | Scr Mat Turns Passed 3869 | 3210 659 Spaces Moved 1986 | 1639 347 Core 13 | 7 6 Treads 1365 | 1365 . Legs 226 | . 226 Wheels . | . . Hover 382 | 267 115 Flight . | . . Fastest Speed 50 | 50 76 Average Speed 145 | 145 146 Slowest Speed 240 | 160 240 Overloaded Moves . | . . Propulsion Burnouts . | . . Robots Hopped . | . . Cave-ins Triggered 1 | 1 . Exploration Rate (%) 78 | 105 51 Regions Visited 1 Branch Regions . Pre-discovered Areas . | . . Known Exits Taken . | . . Unknown Exits Taken 1 | 1 . Scrap Searched . | . . Spaces Dug . | . . Terrain Destroyed 1 | 1 . Melee . | . . Projectile 1 | 1 . AOE . | . . Actions | -11 -10 --------- Run | Scr Mat Total 2862 | 2430 432 Wait 759 | 739 20 Move 1985 | 1638 347 Hop . | . . Pick Up 34 | 19 15 Fast Attach 2 | 2 . Attach 15 | 9 6 Detach . | . . Swap 7 | 2 5 Drop 10 | 7 3 Fire 26 | 14 12 Melee 24 | . 24 Ram . | . . Kick . | . . Crush . | . . Escape Stasis . | . . Rewire . | . . Trap . | . . Miscellaneous . | . . Route ------- -11/Scrapyard -10/Materials (discovered 1 exit: [*Min]) History --------- Turn | Location | Event 13 | -11/Scrapyard | Discovered new exit (range 15) 2753 | -11/Scrapyard | Assembled infested the area 3016 | -11/Scrapyard | Crushed by falling debris 3056 | -11/Scrapyard | Lost 3 parts (1p2w) 3211 | -11/Scrapyard | Entered Materials 3212 | -10/Materials | Build established: Scavenger-Mutant 3351 | -10/Materials | Core integrity fell below 50% 3390 | -10/Materials | Core integrity fell below 20% 3412 | -10/Materials | Lost 6 parts (1p2n1u2w) 3540 | -10/Materials | Build established: Mutant 3605 | -10/Materials | Discovered new exit (range 16) 3870 | -10/Materials | Destroyed by G-34 Mercenary with Small Laser Last Messages --------------- 03665_ U-05 Engineer repairs door. 03670_ System corrupted: Energy discharge (-65). 03684_ Acquired Ion Engine. 03694_ K-01 Serf cleans the Atomic Centrifuge. 03719_ Acquired Lgt. Assault Rifle. 03732_ Acquired Core Shielding. 03736_ System corrupted: Matter fused (-7). 03756_ System corrupted: Component data lost. 03774_ System corrupted: Matter fused (-5). 03777_ G-34 Mercenary destroyed. 03777_ Door malfunctions. 03780_ Acquired 40 matter. 03784_ Acquired Aluminum Leg. 03792_ Acquired Ion Engine. 03795_ U-05 Engineer repairs door. 03801_ Dropped Ion Engine. 03802_ A> 7 0EZAWNZSBEH3DZYKQJDQZETZADYD5ZT2ME/ 03811_ R-06 Scavenger collects Ion Engine. 03819_ ,JTNW70YZ=ZLT:ICGIE=4OTU6&H0M% 03834_ System corrupted: Heat flow error (+283). Map ----- +----------------------------------------------------+ | | | ########???????????????????????????????????????? | | # #?#######????????????????????######?????? | | # ## #????????????????????# #?????? | | # "T" ## " ##########????######## #?????? | | # """ ## """ # #????# # ###???? | | # ## """ # T #????# # + #???? | | ####+#### """ # """ #????# " # # #???? | | ^ # "" # """ #????# T ###### #???? | | /% """ # """ #????# " #?# #???? | | "" ^ # "" # """ #????# #?# #???? | | "T ^ # """ # #########+##### #???? | | "" ^ # " # + #???? | | ^ # # # ##########???? | | ############+#### #????????????? | | #????????????? | | #############????????????? | | % #????????????????????????? | | ############%##########????????????????????????? | | ##?# !!! ## #?????????????????????????????????? | | "#?# ! ! ## #?????????????????????????????????? | | "### !!! ## #?????########????????????????????? | | + ## #?????#]]==//#????????????????????? | | # ## #?????#]]==//#????????????????????? | | # ## #?????# #????????????????????? | | # ## ####### @####### ??????????? | | / ## g ?????????? | | # + ?????????? | | # # ?????????? | | ####+### ####+########## ?????????? | | # #??????##??????????? | | + """ ????????????????????? | | # """ ????????????????????? | | ##+####### ### ##??"" ?????????????????????? | | #???# #?# #????? ?????????????????????? | | ##" ## #?????????????????????????????? | | ##"" ## #?????????????????????????????? | | ##!! ## #?????????????????????????????? | | ##"" < ## #?????????????????????????????? | | ##!! ## #?????????????????????????????? | | ##"" ## ??????????????????????????????? | | ##" ## ??????????????????????????????? | | ########## ##?+??????????????????????????????? | | ?????????# #?????????????????????????????????? | | ????????? +?????????????????????????????????? | | ????????? #?????????????????????????????????? | | ????????? #?????????????????????????????????? | | ?????????## ##?????????????????????????????????? | | ??????????? ???????????????????????????????????? | | ???????????+???????????????????????????????????? | +----------------------------------------------------+ Best States ------------- Heat Dissipation 25 Energy Generation 14 Energy Capacity 250 Matter Stores 300 Matter Capacity 300 Sight Range 16 Terrain Scan Density 10 Armor Coverage 150 Evasion (%) 49 Recoil Reduction 2 Item Schematics ----------------- None Robot Schematics ------------------ None Fabricated ------------ Nothing Alien Tech Used ----------------- None Achievements -------------- Curiosity Killed The Cat Challenges ------------ None Game ------ Seed AutogunRocketMinigun Manual? 0 Play Time 00:27:56 Cumulative 6.1 hours Start 2019.11.03 @ 19:01:27 End 2019.11.03 @ 19:33:53 Sessions 1 Manual Loads 0 Difficulty Rogue Special Mode None Game No. 3 Rogue 3 Adventurer 0 Explorer 0 Win Type - Total 0 Types 0/0/0/0/0/0/0 Lore% 2 Gallery% 7 Achievement% 9 Wizard Run 0 Options --------- ASCII 0 Keyboard 0 Movement Arrows Keybinds 0 Fullscreen 1 Font 18/SmallcapsGlow Map View 76x50 Tactical HUD 1 Map Filters NONE Filters NONE Steam 0 RUN: a647aa38-f3e0-4621-abe6-f7fdee444ac4